| TOP OF THE 1ST |
|
Eugene Emeralds batting - Pitching for Tri-City Dust Devils : RHP Jared Van Heel
|
|
Pitching: RHP Jared Van Heel
|
|
|
Batting: RHB Garrett Granata
|
0-0: Ball 1-0: Swinging Strike 1-1: Foul Ball, location: 2F 1-2: Strikes out swinging
|
|
Batting: RHB Chris Slama
|
0-0: Called Strike 0-1: Ball 1-1: Swinging Strike 1-2: Reached on error, E6 (Groundball, 6, EV 89.4 MPH)
|
|
Batting: RHB Francisco Ramirez
|
0-0: Swinging Strike 0-1: Ball Wild Pitch! Chris Slama to second 1-1: Ball 2-1: Foul Ball, location: 2F 2-2: Strikes out swinging
|
|
Batting: LHB Trevor Spaulding
|
0-0: Ball 1-0: Swinging Strike 1-1: Called Strike 1-2: SINGLE (Groundball, 34D, EV 94.4 MPH) Chris Slama to third Runner from 3rd tries for Home, SAFE, throw by RF to home
|
|
Batting: RHB Jonathan Sotelo
|
0-0: Called Strike 0-1: Ball 1-1: Fly out, F8 (Flyball, 8LD, EV 101.3 MPH)
|
| Top of the 1st over - 1 run, 1 hit, 1 error, 1 left on base; Eugene 1 - Tri-City 0 |
| BOTTOM OF THE 1ST |
|
Tri-City Dust Devils batting - Pitching for Eugene Emeralds : LHP Matthew Spurrell
|
|
Pitching: LHP Matthew Spurrell
|
|
|
Batting: RHB Jeremy Mercer
|
0-0: Foul Ball, location: 2F 0-1: Ball 1-1: Ball 2-1: Ball 3-1: Base on Balls
|
|
Batting: SHB Ryan Brown
|
0-0: Called Strike 0-1: Foul Ball, location: 2F 0-2: Ball Jeremy Mercer steals 2nd base (no throw) 1-2: Foul Ball, location: 2F 1-2: Strikes out looking
|
|
Batting: RHB Hector Fernandez
|
0-0: Called Strike 0-1: Ball 1-1: Hit by Pitch
|
|
Batting: LHB Frank McConnell
|
0-0: Ball 1-0: Fly out, F9 (Flyball, 9LM, EV 90.6 MPH)
|
|
Batting: RHB Jaden Scott
|
0-0: Ground out 2-3 (Groundball, 2L, EV 63.8 MPH)
|
| Bottom of the 1st over - 0 runs, 0 hits, 0 errors, 2 left on base; Eugene 1 - Tri-City 0 |
| TOP OF THE 2ND |
|
Eugene Emeralds batting - Pitching for Tri-City Dust Devils : RHP Jared Van Heel
|
|
Batting: LHB Mark Huey
|
0-0: Ball 1-0: Swinging Strike 1-1: Foul Ball, location: 2F 1-2: Foul Ball, location: 2F 1-2: Ground out 1-3 (Groundball, P, EV 63.1 MPH)
|
|
Batting: RHB Brian Gargis
|
0-0: Foul Ball, location: 2F 0-1: Foul Ball, location: 2F 0-2: Ball 1-2: Strikes out swinging
|
|
Batting: RHB Adam Kelliher
|
0-0: Ball 1-0: Called Strike 1-1: Foul Ball, location: 2F 1-2: Strikes out looking
|
| Top of the 2nd over - 0 runs, 0 hits, 0 errors, 0 left on base; Eugene 1 - Tri-City 0 |
| BOTTOM OF THE 2ND |
|
Tri-City Dust Devils batting - Pitching for Eugene Emeralds : LHP Matthew Spurrell
|
|
Batting: RHB Joe Weissman
|
0-0: Ball 1-0: Called Strike 1-1: Foul Ball, location: 2F 1-2: Ball 2-2: Ball 3-2: Ground out 6-3 (Groundball, 6, EV 75.6 MPH)
|
|
Batting: LHB Paul Adams
|
0-0: Swinging Strike 0-1: SOLO HOME RUN (Line Drive, 89XD, EV 104.4 MPH), Distance : 416 ft
|
|
Batting: RHB Bryan Pitcher
|
0-0: Called Strike 0-1: Ball 1-1: Ball 2-1: Foul Ball, location: 2F 2-2: Ground out U3 (Groundball, 34, EV 102.5 MPH)
|
|
Batting: RHB Ron Major
|
0-0: Called Strike 0-1: Ball 1-1: Ball 2-1: Foul Ball, location: 2F 2-2: Ball 3-2: Strikes out swinging
|
| Bottom of the 2nd over - 1 run, 1 hit, 0 errors, 0 left on base; Eugene 1 - Tri-City 1 |
| TOP OF THE 3RD |
|
Eugene Emeralds batting - Pitching for Tri-City Dust Devils : RHP Jared Van Heel
|
|
Batting: RHB Eddy Marcos
|
0-0: SINGLE (Groundball, 15S, EV 73.1 MPH) (infield hit)
|
|
Batting: RHB Garrett Granata
|
0-0: Ball 1-0: Called Strike 1-1: Fielders Choice at 2nd, 4-6 (Groundball, 4M, EV 86.9 MPH)
|
|
Batting: RHB Chris Slama
|
0-0: Ball Garrett Granata steals 2nd, throwing error, E2 Garrett Granata to third 1-0: Swinging Strike 1-1: Foul Ball, location: 2F 1-2: Ball 2-2: Ball 3-2: Base on Balls
|
|
Batting: RHB Francisco Ramirez
|
0-0: Called Strike 0-1: Ball 1-1: Foul Ball, location: 2F 1-2: Strikes out looking
|
|
Batting: LHB Trevor Spaulding
|
0-0: Ball 1-0: Foul Ball, location: 2F 1-1: Foul Ball, location: 2F 1-2: Ball 2-2: Strikes out swinging
|
| Top of the 3rd over - 0 runs, 1 hit, 1 error, 2 left on base; Eugene 1 - Tri-City 1 |
| BOTTOM OF THE 3RD |
|
Tri-City Dust Devils batting - Pitching for Eugene Emeralds : LHP Matthew Spurrell
|
|
Batting: RHB Jeremy Mercer
|
0-0: Ground out 2-3 (Groundball, 13S, EV 66.9 MPH)
|
|
Batting: SHB Ryan Brown
|
0-0: Ball 1-0: Swinging Strike 1-1: Foul Ball, location: 2F 1-2: Strikes out looking
|
|
Batting: RHB Hector Fernandez
|
0-0: Swinging Strike 0-1: Swinging Strike 0-2: Ball 1-2: Strikes out swinging
|
| Bottom of the 3rd over - 0 runs, 0 hits, 0 errors, 0 left on base; Eugene 1 - Tri-City 1 |
| TOP OF THE 4TH |
|
Eugene Emeralds batting - Pitching for Tri-City Dust Devils : RHP Jared Van Heel
|
|
Batting: RHB Jonathan Sotelo
|
0-0: Ball 1-0: Foul Ball, location: 2F 1-1: Ball 2-1: TRIPLE (Flyball, 8RXD, EV 104.4 MPH)
|
|
Batting: LHB Mark Huey
|
0-0: Ball 1-0: Ball Passed Ball! Jonathan Sotelo scores 2-0: Foul Ball, location: 2F 2-1: Called Strike 2-2: Foul Ball, location: 2F 2-2: Foul Ball, location: 2F 2-2: Ball 3-2: Hit by Pitch
|
|
Batting: RHB Brian Gargis
|
0-0: Called Strike 0-1: Ball 1-1: Ball 2-1: Ball 3-1: Foul Ball, location: 2F 3-2: Foul Ball, location: 2F 3-2: Fly out, F8 (Line Drive, 8RD, EV 90.0 MPH)
|
|
Batting: RHB Adam Kelliher
|
0-0: Called Strike 0-1: Fly out, F3 (Popup, 3SF, EV 81.9 MPH)
|
|
Batting: RHB Eddy Marcos
|
Balk! Mark Huey to second 0-0: Foul Ball, location: 2F 0-1: Ball 1-1: SINGLE (Groundball, 56S, EV 70.0 MPH) (infield hit) Mark Huey to third
|
|
Batting: RHB Garrett Granata
|
0-0: Foul Ball, location: 2F Balk! Mark Huey scores Eddy Marcos to second 0-1: Foul Ball, location: 2F 0-2: Ball 1-2: Ball 2-2: Foul Ball, location: 2F 2-2: Ball 3-2: Strikes out looking
|
| Top of the 4th over - 2 runs, 2 hits, 0 errors, 1 left on base; Eugene 3 - Tri-City 1 |
| BOTTOM OF THE 4TH |
|
Tri-City Dust Devils batting - Pitching for Eugene Emeralds : LHP Matthew Spurrell
|
|
Batting: LHB Frank McConnell
|
0-0: Ball 1-0: Ball 2-0: Foul Ball, location: 2F 2-1: Called Strike 2-2: Ball 3-2: Strikes out looking
|
|
Batting: RHB Jaden Scott
|
0-0: Foul Ball, location: 2F 0-1: Foul Ball, location: 2F 0-2: Foul Ball, location: 2F 0-2: SINGLE (Line Drive, 4, EV 100.0 MPH)
|
|
Batting: RHB Joe Weissman
|
0-0: Called Strike Jaden Scott is caught stealing 2nd base 2-4 0-1: Ball 1-1: Called Strike 1-2: Strikes out looking
|
| Bottom of the 4th over - 0 runs, 1 hit, 0 errors, 0 left on base; Eugene 3 - Tri-City 1 |
| TOP OF THE 5TH |
|
Eugene Emeralds batting - Pitching for Tri-City Dust Devils : RHP Jared Van Heel
|
|
Batting: RHB Chris Slama
|
0-0: Foul Ball, location: 2F 0-1: Ball 1-1: Ball 2-1: Fly out, F8 (Flyball, 8LXD, EV 103.1 MPH)
|
|
Batting: RHB Francisco Ramirez
|
0-0: Called Strike 0-1: Ball 1-1: Ball 2-1: Foul Ball, location: 2F 2-2: Strikes out swinging
|
|
Batting: LHB Trevor Spaulding
|
0-0: Fly out, F8 (Flyball, 8LD, EV 102.5 MPH)
|
| Top of the 5th over - 0 runs, 0 hits, 0 errors, 0 left on base; Eugene 3 - Tri-City 1 |
| BOTTOM OF THE 5TH |
|
Tri-City Dust Devils batting - Pitching for Eugene Emeralds : LHP Matthew Spurrell
|
|
Batting: LHB Paul Adams
|
0-0: Foul Ball, location: 2F 0-1: Called Strike 0-2: Foul Ball, location: 2F 0-2: Ground out 4-3 (Groundball, 4, EV 104.4 MPH)
|
|
Batting: RHB Bryan Pitcher
|
0-0: Called Strike 0-1: DOUBLE (Flyball, 8RD, EV 99.4 MPH)
|
|
Batting: RHB Ron Major
|
0-0: Ball 1-0: Ball 2-0: Ball 3-0: Called Strike 3-1: Ground out 5-3 (Groundball, 5, EV 81.3 MPH)
|
|
Batting: RHB Jeremy Mercer
|
0-0: Ball 1-0: Called Strike 1-1: Swinging Strike Passed Ball! Bryan Pitcher to third 1-2: Ball 2-2: Foul Ball, location: 2F 2-2: Foul Ball, location: 2F 2-2: Ball 3-2: Base on Balls
|
|
Pitching: LHP Mike Alexander
|
|
|
Batting: SHB Ryan Brown
|
0-0: Ball 1-0: Ball 2-0: Called Strike 2-1: Fielders Choice at 2nd, 5-4 (Groundball, 56, EV 84.4 MPH)
|
| Bottom of the 5th over - 0 runs, 1 hit, 0 errors, 2 left on base; Eugene 3 - Tri-City 1 |
| TOP OF THE 6TH |
|
Eugene Emeralds batting - Pitching for Tri-City Dust Devils : RHP Jared Van Heel
|
|
Batting: RHB Jonathan Sotelo
|
0-0: Ball 1-0: Called Strike 1-1: Ball 2-1: Ball 3-1: Foul Ball, location: 2F 3-2: Foul Ball, location: 2F 3-2: SINGLE (Groundball, 5, EV 96.3 MPH)
|
|
Batting: LHB Mark Huey
|
0-0: Called Strike 0-1: Swinging Strike 0-2: Ball 1-2: Strikes out swinging
|
|
Batting: RHB Brian Gargis
|
0-0: Ball Wild Pitch! Jonathan Sotelo to second 1-0: Called Strike 1-1: Foul Ball, location: 2F 1-2: SINGLE (Groundball, 56D, EV 106.9 MPH) Jonathan Sotelo to third Runner from 3rd tries for Home, throw by LF and OUT! 7-2
|
|
Pitching: RHP Josh Smith
|
|
|
Batting: RHB Adam Kelliher
|
0-0: Ball Brian Gargis steals 2nd base (no throw) 1-0: Called Strike 1-1: Fly out, F8 (Flyball, 8RD, EV 100.0 MPH)
|
| Top of the 6th over - 0 runs, 2 hits, 0 errors, 1 left on base; Eugene 3 - Tri-City 1 |
| BOTTOM OF THE 6TH |
|
Tri-City Dust Devils batting - Pitching for Eugene Emeralds : LHP Mike Alexander
|
|
Batting: RHB Hector Fernandez
|
0-0: Ground out 6-3 (Groundball, 6S, EV 90.6 MPH)
|
|
Batting: LHB Frank McConnell
|
0-0: Foul Ball, location: 2F 0-1: Ball 1-1: Called Strike 1-2: Foul Ball, location: 2F 1-2: Ground out 4-3 (Groundball, 4, EV 105.6 MPH)
|
|
Batting: RHB Jaden Scott
|
0-0: Called Strike 0-1: Foul Ball, location: 2F 0-2: Ball 1-2: Ball 2-2: Strikes out swinging
|
| Bottom of the 6th over - 0 runs, 0 hits, 0 errors, 0 left on base; Eugene 3 - Tri-City 1 |
| TOP OF THE 7TH |
|
Eugene Emeralds batting - Pitching for Tri-City Dust Devils : RHP Josh Smith
|
|
Batting: RHB Eddy Marcos
|
0-0: Called Strike 0-1: Foul Ball, location: 2F 0-2: Ball 1-2: Strikes out swinging
|
|
Batting: RHB Garrett Granata
|
0-0: Called Strike 0-1: Ground out 6-3 (Groundball, 6, EV 102.5 MPH)
|
|
Batting: RHB Chris Slama
|
0-0: Ball 1-0: Called Strike 1-1: Foul Ball, location: 2F 1-2: Ball 2-2: Ball 3-2: Strikes out swinging
|
| Top of the 7th over - 0 runs, 0 hits, 0 errors, 0 left on base; Eugene 3 - Tri-City 1 |
| BOTTOM OF THE 7TH |
|
Tri-City Dust Devils batting - Pitching for Eugene Emeralds : LHP Mike Alexander
|
|
Batting: RHB Joe Weissman
|
0-0: Ground out 5-3 (Groundball, 5S, EV 85.0 MPH)
|
|
Batting: LHB Paul Adams
|
0-0: Called Strike 0-1: Ball 1-1: Called Strike 1-2: Ball 2-2: Fly out, F8 (Flyball, 8LM, EV 89.4 MPH)
|
|
Batting: RHB Bryan Pitcher
|
0-0: Ball 1-0: Called Strike 1-1: Swinging Strike 1-2: Foul Ball, location: 2F 1-2: Ball 2-2: Ball 3-2: Strikes out looking
|
| Bottom of the 7th over - 0 runs, 0 hits, 0 errors, 0 left on base; Eugene 3 - Tri-City 1 |
| TOP OF THE 8TH |
|
Eugene Emeralds batting - Pitching for Tri-City Dust Devils : RHP Josh Smith
|
|
Pitching: LHP Andy Silveira
|
|
|
Batting: RHB Francisco Ramirez
|
0-0: Ball 1-0: Ball 2-0: Called Strike 2-1: Foul Ball, location: 2F 2-2: Ball 3-2: Base on Balls
|
|
Batting: LHB Trevor Spaulding
|
0-0: Ball 1-0: Ball 2-0: SINGLE (Flyball, 8LS, EV 91.3 MPH) Francisco Ramirez to second
|
|
Batting: RHB Jonathan Sotelo
|
0-0: Ball 1-0: Fielders Choice at 2nd, 3-6 (Groundball, 34, EV 83.8 MPH) Francisco Ramirez to third
|
|
Batting: LHB Mark Huey
|
0-0: Ball 1-0: Called Strike 1-1: Ball 2-1: Swinging Strike 2-2: Strikes out swinging
|
|
Batting: RHB Brian Gargis
|
0-0: SINGLE (Line Drive, 9LS, EV 93.8 MPH) Francisco Ramirez scores Jonathan Sotelo to second Runner from 2nd tries for 3rd, SAFE, throw by RF made to third
|
|
Batting: RHB Adam Kelliher
|
0-0: Ball 1-0: Ball 2-0: Ball 3-0: Base on Balls Brian Gargis to second
|
|
Batting: RHB Eddy Marcos
|
0-0: Foul Ball, location: 2F 0-1: Ball 1-1: Called Strike 1-2: Strikes out swinging
|
| Top of the 8th over - 1 run, 2 hits, 0 errors, 3 left on base; Eugene 4 - Tri-City 1 |
| BOTTOM OF THE 8TH |
|
Tri-City Dust Devils batting - Pitching for Eugene Emeralds : LHP Mike Alexander
|
|
Pitching: LHP Oscar Stolarski
|
|
|
Batting: RHB Ron Major
|
0-0: Fly out, F9 (Flyball, 89S, EV 85.0 MPH)
|
|
Batting: RHB Jeremy Mercer
|
0-0: Foul Ball, location: 2F 0-1: Ball 1-1: Swinging Strike 1-2: Ball 2-2: Ball 3-2: SINGLE (Groundball, 6MD, EV 98.1 MPH)
|
|
Batting: SHB Ryan Brown
|
0-0: Ball 1-0: Called Strike 1-1: Ball 2-1: Fly out, F8 (Flyball, 78M, EV 85.6 MPH)
|
|
Batting: RHB Hector Fernandez
|
0-0: Ball 1-0: Called Strike 1-1: Ball 2-1: Foul Ball, location: 2F 2-2: Foul Ball, location: 2F 2-2: Foul Ball, location: 2F 2-2: Foul Ball, location: 2F 2-2: Foul Ball, location: 2F 2-2: Ball 3-2: Ground out 5-3 (Groundball, 56, EV 99.4 MPH)
|
| Bottom of the 8th over - 0 runs, 1 hit, 0 errors, 1 left on base; Eugene 4 - Tri-City 1 |
| TOP OF THE 9TH |
|
Eugene Emeralds batting - Pitching for Tri-City Dust Devils : LHP Andy Silveira
|
|
Pitching: RHP Angelo Radford
|
|
|
Batting: RHB Garrett Granata
|
0-0: Ball 1-0: SINGLE (Groundball, P, EV 76.9 MPH) (infield hit)
|
|
Batting: RHB Chris Slama
|
0-0: Called Strike 0-1: SINGLE (Groundball, 56S, EV 71.9 MPH) (infield hit) Garrett Granata to second
|
|
Batting: RHB Francisco Ramirez
|
0-0: Ball Wild Pitch! Garrett Granata to third Chris Slama to second 1-0: Foul Ball, location: 2F 1-1: Foul Ball, location: 2F 1-2: Foul Ball, location: 2F 1-2: Strikes out swinging
|
|
Batting: LHB Trevor Spaulding
|
0-0: Called Strike 0-1: Ball Wild Pitch! Garrett Granata scores Chris Slama to third 1-1: Ball 2-1: Called Strike 2-2: Ball Wild Pitch! Chris Slama scores 3-2: Strikes out looking
|
|
Batting: RHB Jonathan Sotelo
|
0-0: Called Strike 0-1: Ball 1-1: Ball 2-1: Ground out 5-3 (Groundball, 5S, EV 90.6 MPH)
|
| Top of the 9th over - 2 runs, 2 hits, 0 errors, 0 left on base; Eugene 6 - Tri-City 1 |
| BOTTOM OF THE 9TH |
|
Tri-City Dust Devils batting - Pitching for Eugene Emeralds : LHP Oscar Stolarski
|
|
Batting: LHB Frank McConnell
|
0-0: Called Strike 0-1: Ball 1-1: Foul Ball, location: 2F 1-2: Ball 2-2: SINGLE (Flyball, 6D, EV 88.8 MPH)
|
|
Batting: RHB Jaden Scott
|
0-0: Ball Wild Pitch! Frank McConnell to second 1-0: Ball 2-0: SINGLE (Groundball, 34, EV 103.1 MPH) Frank McConnell to third
|
|
Batting: RHB Joe Weissman
|
0-0: Ball 1-0: Ball 2-0: Ball 3-0: Base on Balls Jaden Scott to second
|
|
Pitching: RHP Josh Ready
|
|
|
Batting: LHB Paul Adams
|
0-0: Fly out, F2 (Popup, 2LF, EV 95.6 MPH)
|
|
Pinch Hitting: LHB Roger Duque
|
0-0: Ball 1-0: Foul Ball, location: 2F 1-1: Ball 2-1: Ball 3-1: Foul Ball, location: 2F 3-2: SINGLE (Groundball, 4MD, EV 96.9 MPH) Frank McConnell scores Jaden Scott to third Joe Weissman to second
|
|
Batting: RHB Ron Major
|
0-0: Ball 1-0: Ball 2-0: Foul Ball, location: 2F 2-1: Called Strike 2-2: Ball 3-2: Foul Ball, location: 2F 3-2: Fly out, F9 (Flyball, 9LM, EV 99.4 MPH) Runner from 3rd tags up, SCORES, no throw by RF Joe Weissman to third
|
|
Batting: RHB Jeremy Mercer
|
0-0: Called Strike 0-1: Ball 1-1: Foul Ball, location: 2F 1-2: Fly out, F8 (Line Drive, 8LD, EV 87.5 MPH)
|
| Bottom of the 9th over - 2 runs, 3 hits, 0 errors, 2 left on base; Eugene 6 - Tri-City 3 |
|